 Dungeon Crawl Stone Soup version 0.31.0-1-g2c135a0 (webtiles) character file.

Game seed: 13706537326046825661

7644 ChamblesRNG the Skirmisher (level 11, -11/89 HPs)
             Began as a Barachi Hunter on Apr 8, 2024.
             Was an Initiate of Gozag.
             Killed by divine providence
             ... invoked by an orc priest
              (13 damage)
             ... on level 11 of the Dungeon on Apr 9, 2024.
             The game lasted 02:15:18 (13240 turns).

ChamblesRNG the Skirmisher (Barachi Hunter)        Turns: 13240, Time: 02:15:19

Health: -11/89     AC: 17    Str: 12    XL:     11   Next: 18%
Magic:  11/11      EV: 11    Int: 10    God:    Gozag
Gold:   128        SH:  5    Dex: 20    Spells: 10/10 levels left

rFire   + + .        a - +0 orcbow
rCold   + . .        (shield currently unavailable)
rNeg    . . .        N - +2 ring mail {rF+}
rPois   +            L - +2 hat
rElec   .            B - +1 cloak {rPois}
rCorr   .            v - +0 pair of gloves
SInv    .            o - +0 pair of boots
Will    .....        I - amulet "Hozalon" {Reflect rC+ SH+5}
Stlth   +            Q - ring of protection from fire
HPRegen 0.34/turn    V - +4 ring of protection
MPRegen 0.12/turn

%: reflection
@: unable to hop, hasted, very quick
A: amphibious, slowness 1, strong legs 1, +LOS
a: Hop, Renounce Religion, Potion Petition, Call Merchant, Bribe Branch


You were on level 11 of the Dungeon.
You worshipped Gozag.
Gozag was aware of your devotion.
You visited 1 branch of the dungeon, and saw 11 of its levels.

You collected 1752 gold pieces.
You spent 1600 gold pieces at shops.
You paid 24 gold pieces to Gozag.

Inventory:

Hand Weapons
 a - a +0 orcbow (weapon)
 b - a +3 heavy spear
 R - a +0 heavy arbalest
Missiles
 c - 9 boomerangs
 s - 5 poisoned darts
 E - a throwing net (quivered)
 O - 3 datura-tipped darts
Armour
 j - an orb of light
 o - a +0 pair of boots (worn)
 v - a +0 pair of gloves (worn)
 B - a +1 cloak of poison resistance (worn)
 J - a +2 scale mail of cold resistance
 L - a +2 hat (worn)
 N - a +2 ring mail of fire resistance (worn)
 S - +2 swamp dragon scales
Jewellery
 l - a ring of wizardry
 q - a ring of flight
 r - an amulet of the acrobat
 C - a ring of protection from cold
 D - an amulet of magic regeneration
 I - the amulet "Hozalon" (around neck) {Reflect rC+ SH+5}
   (You bought it in a shop on level 4 of the Dungeon)

   [amulet of reflection]

   Reflect:   It reflects blocked missile attacks.
   rC+:       It protects you from cold.
   SH+5:      It affects your SH (+5).
 M - a ring of see invisible
 Q - a ring of protection from fire (left hand)
 V - a +4 ring of protection (right hand)
Wands
 p - a wand of flame (51)
 F - a wand of polymorph (13)
Scrolls
 e - 4 scrolls of identify
 f - a scroll of acquirement {unknown}
 h - 2 scrolls of fog
 i - a scroll of enchant armour {unknown}
 k - 3 scrolls of revelation
 m - 3 scrolls of vulnerability
 w - 2 scrolls of teleportation
 x - a scroll of torment {unknown}
 A - 3 scrolls of amnesia
 H - a scroll of enchant weapon {unknown}
 K - a scroll of immolation {unknown}
 P - a scroll of blinking {unknown}
Potions
 d - 3 potions of mutation
 g - 2 potions of curing
 n - a potion of haste
 t - 3 potions of ambrosia
 z - a potion of enlightenment
 T - a potion of brilliance {unknown}
 U - a potion of attraction {unknown}


   Skills:
 - Level 9.0 Fighting
 - Level 5.0 Polearms
 + Level 14.7 Ranged Weapons
 - Level 1.0 Armour
 - Level 2.1 Dodging
 - Level 0.8 Stealth
 - Level 0.7 Invocations


You had 10 spell levels left.
You didn't know any spells.
Your spell library contained the following spells:

 Spells                   Type           Power      Damage    Failure   Level
 Magic Dart               Conj           0%         1d3       65%         1
 Mercury Vapours          Alch/Air       0%         N/A       78%         2
 Scorch                   Fire           0%         2d5       78%         2
 Searing Ray              Conj           0%         2d4       78%         2
 Mephitic Cloud           Conj/Alch/Air  0%         N/A       95%         3
 Flame Wave               Conj/Fire      0%         2d4       100%        4
 Fulminant Prism          Conj/Alch      0%         3d5       100%        4
 Freezing Cloud           Conj/Ice/Air   0%         6-21      100%        5
 Summon Cactus Giant      Summ           0%         N/A       100%        6


Dungeon Overview and Level Annotations

Branches:
Dungeon (11/15)            Temple (0/1) D:6             Orc (0/2) D:11
   Lair: D:8-11

Altars:
Ashenzari
Dithmenos
Gozag
Nemelex Xobeh
Sif Muna
Trog

Shops:
D:4 *[!=

Annotations:
D:7 3 runed translucent doors, Dogchiho's ghost, novice MiFi
D:8 exclusion: downstairs
D:9 exclusion: door


Innate Abilities, Weirdness & Mutations

You are amphibious.
You cover ground slowly.
You can hop short distances.
You have an extended range of vision and can be seen from far away.


Message History

* * * LOW HITPOINT WARNING * * *
The vampire mosquito draws strength from your injuries!
The vampire mosquito bites you!
* * * LOW HITPOINT WARNING * * *
The vampire mosquito draws strength from your injuries!
The vampire mosquito completely misses you.
The vampire mosquito moves out of view.
You feel better. The vampire mosquito bites you.
* * * LOW HITPOINT WARNING * * *
The vampire mosquito draws strength from your injuries!
The vampire mosquito bites you but does no damage.
The vampire mosquito bites you.
* * * LOW HITPOINT WARNING * * *
The vampire mosquito draws strength from your injuries!
You feel better.
Your surroundings suddenly seem different.
An orc knight, 3 orc priests, 3 orc warriors and 16 orcs come into view.
An orc priest is wielding a +2 hand axe of venom.
An orc is wielding a +1 hand axe of electrocution.
An orc is wielding a +0 dagger of pain.
Found a robe and a scroll of revelation.
Found a roughly hewn altar of Beogh.
Found a staircase to the Orcish Mines.
The orc knight shouts!
The orc shouts! x3; The orc priest shouts!
The orc shouts!
The orc warrior shouts!
The orc shouts!
The orc warrior shouts!
The orc shouts! x2; The orc priest shouts!
The orc shouts! x2
You block the orc priest's attack.
The orc warrior hits you but does no damage.
The orc priest calls down the wrath of Beogh upon you.
Pain shoots through your body!
* * * LOW HITPOINT WARNING * * *
The orc shouts!
The orc priest shouts!
The orc shouts!
The orc warrior shouts!
The orc shouts!
Okay, then.
Okay, then.
The orc shouts!
The orc priest hits you with a +0 dagger.
* * * LOW HITPOINT WARNING * * *
There is a staircase to the Orcish Mines here.
The orc priest invokes the aid of Beogh against you.
Beogh smites you!
You die...
Your body crumbles into a pile of gold.

.####
#..........#
#.{l.....# .#
######.#####
##l####### <# #.#
#.# ## ##.# #.#
#..# #.# #.## #.#
#.# #.#
###############.#
#..o.o.@...oo.#.#


#oo..oooo.oo.o#.# #.o.⌠.o_o.oo..#.. #.o...oo......# #..o...8...o..#
##8+8#####8+8## ..... ..... ####.. #.#### ##. .# You could see an orc knight, 3
orc warriors, 3 orc priests and 16 orcs.

Vanquished Creatures
  3 two-headed ogres
  Maggie (D:9)
  2 wyverns
  A wraith (D:10)
  6 yaks
  A vampire (D:10)
  A steam dragon (D:8)
  Edmund (D:4)
  An acid dragon (D:10)
  A water moccasin (D:7)
  A black bear (D:7)
  2 ice beasts
  7 sky beasts
  2 orc warriors
  A centaur (D:10)
  A phantom (D:7)
  A kobold brigand (D:7)
  A bullfrog (D:9)
  3 gnoll sergeants
  2 scorpions
  9 wights
  11 howler monkeys
  3 orc priests
  6 hounds
  A bombardier beetle (D:4)
  4 jellies
  A sleepcap (D:7)
  A gnoll bouda (D:5)
  4 iguanas
  Jessica (D:2)
  Natasha (thrice) (D:3)
  5 orc wizards
  19 gnolls
  8 adders
  A white imp (D:7)
  2 ufetubi (D:6)
  A ribbon worm (D:2)
  26 orcs
  A bat (D:1)
  2 endoplasms
  5 giant cockroaches
  4 goblins
  3 hobgoblins (D:1)
  3 jackals (D:4)
  A quokka (D:4)
  4 ball pythons
  7 kobolds
  2 rats (D:2)
  A spectral hobgoblin (D:2)
178 creatures vanquished.

Vanquished Creatures (others)
  A black bear (D:6)
1 creature vanquished.

Grand Total: 179 creatures vanquished

Notes
Turn   | Place    | Note
-------+----------+-------------------------------------------
     0 | D:1      | ChamblesRNG the Barachi Hunter began the quest for the Orb.
     0 | D:1      | Reached XP level 1. HP: 17/17 MP: 1/1
   464 | D:1      | Reached XP level 2. HP: 24/24 MP: 2/2
   750 | D:1      | Reached skill level 1 in Armour
   926 | D:2      | Found a faded altar of an unknown god.
   979 | D:2      | Found an opulent altar of Gozag.
   988 | D:2      | Became a worshipper of Gozag Ym Sagoz the Greedy
  1024 | D:2      | Reached XP level 3. HP: 28/30 MP: 3/3
  1171 | D:2      | Noticed Jessica
  1176 | D:2      | Killed Jessica
  1177 | D:2      | Reached XP level 4. HP: 38/38 MP: 4/4
  1447 | D:3      | Reached skill level 5 in Fighting
  1447 | D:3      | Reached skill level 1 in Polearms
  1497 | D:3      | Found a sparkling altar of Nemelex Xobeh.
  1524 | D:3      | Noticed Natasha
  1528 | D:3      | Killed Natasha
  1529 | D:3      | Reached XP level 5. HP: 44/44 MP: 5/5
  1572 | D:3      | Noticed Natasha
  1580 | D:3      | Killed Natasha
  1635 | D:3      | Noticed Natasha
  1642 | D:3      | Killed Natasha
  1782 | D:4      | Found Ecey's Distillery.
  1792 | D:4      | Bought a potion of curing for 33 gold pieces
  1792 | D:4      | Bought a potion of degeneration for 11 gold pieces
  1792 | D:4      | Bought a potion of heal wounds for 55 gold pieces
  1881 | D:4      | Reached skill level 5 in Ranged Weapons
  2048 | D:4      | Found Votosope's Assorted Antiques.
  2054 | D:4      | Bought a scroll labelled PIONNIPSIU for 23 gold pieces
  2054 | D:4      | Bought a scroll labelled NEGUIM HYIVA for 23 gold pieces
  2054 | D:4      | Bought a scroll labelled VOUNUO GEIMASM for 23 gold pieces
  2100 | D:4      | Found Ymokheme's Jewellery Shoppe.
  2105 | D:4      | Reached XP level 6. HP: 51/51 MP: 6/6
  2317 | D:4      | Reached skill level 6 in Ranged Weapons
  2369 | D:4      | Noticed Edmund
  2489 | D:4      | Found Fyopsezi's Armour Emporium.
  2509 | D:4      | Bought a +1 cloak of poison resistance for 162 gold pieces
  2684 | D:4      | Reached XP level 7. HP: 53/56 MP: 7/7
  2720 | D:5      | Entered Level 5 of the Dungeon
  2765 | D:5      | Found a shadowy altar of Dithmenos.
  2781 | D:5      | Found a broken altar of Ashenzari.
  2939 | D:5      | Reached skill level 7 in Ranged Weapons
  3519 | D:6      | Reached skill level 8 in Ranged Weapons
  3594 | D:5      | Reached XP level 8. HP: 37/62 MP: 8/8
  3829 | D:6      | Paralysed by an orc for 3 turns
  3835 | D:5      | Paralysed by an orc for 4 turns
  3996 | D:6      | Reached skill level 5 in Polearms
  4643 | D:6      | Reached skill level 9 in Ranged Weapons
  4717 | D:6      | Found a shimmering blue altar of Sif Muna.
  4750 | D:6      | Found a bloodstained altar of Trog.
  4828 | D:6      | Found a staircase to the Ecumenical Temple.
  5232 | D:7      | Reached XP level 9. HP: 56/68 MP: 9/9
  5240 | D:6      | Reached skill level 10 in Ranged Weapons
  5825 | D:7      | Noticed Dogchiho's ghost (novice MiFi)
  5831 | D:7      | Found a runed translucent gate.
  5831 | D:7      | Found a runed translucent gate.
  5831 | D:7      | Found a runed translucent gate.
  6704 | D:4      | Bought a potion of heal wounds for 115 gold pieces
  6704 | D:4      | Bought a fluorescent wand for 92 gold pieces
  6741 | D:4      | Bought the amulet "Hozalon" {Reflect rC+ SH+5} for 528 gold
                  | pieces
  6762 | D:4      | Killed Edmund
  7003 | D:8      | Reached skill level 11 in Ranged Weapons
  7419 | D:7      | Reached XP level 10. HP: 44/80 MP: 10/10
  8403 | D:9      | Noticed a two-headed ogre
  8730 | D:9      | Reached skill level 12 in Ranged Weapons
  9340 | D:4      | Bought a potion of berserk rage for 55 gold pieces
  9624 | D:8      | Reached skill level 13 in Ranged Weapons
  9643 | D:8      | Noticed a two-headed ogre
  9734 | D:10     | Entered Level 10 of the Dungeon
 10603 | D:10     | Noticed a two-headed ogre
 10827 | D:9      | Killed a two-headed ogre
 10942 | D:9      | Noticed Maggie
 11082 | D:4      | Bought a ring of protection from fire for 300 gold pieces
 11309 | D:8      | Killed a two-headed ogre
 11710 | D:4      | Bought a ring of see invisible for 180 gold pieces
 11902 | D:9      | Killed Maggie
 11903 | D:9      | Reached skill level 14 in Ranged Weapons
 11903 | D:9      | Reached XP level 11. HP: 43/89 MP: 11/11
 12892 | D:10     | Killed a two-headed ogre
 13237 | D:11     | Found a staircase to the Orcish Mines.
 13237 | D:11     | Noticed an orc knight
 13237 | D:11     | HP: 3/89 [orc priest/nerve-wracking pain (13)]
 13240 | D:11     | Killed from afar by an orc priest

Illustrated notes

Levels and vault maps discovered:
D:1:      heliophobic_arrival_henge, layout_basic
D:2:      layout_rooms, dreamdust_ecumenical_altar_drowned_temple, basic_altar,
          minmay_tetromino_s2, uniq_jessica
D:3:      layout_rooms, mainiacjoe_overflow_chevrons, uniq_natasha
D:4:      layout_basic, serial_shops, shop, shop_fountains, nicolae_shop_stone,
          nicolae_inconvenience_store, minmay_cut_off, uniq_edmund
D:5:      layout_basic, grunt_dithmenos_smoke, mainiacjoe_overflow_24_doors,
          minmay_misc_feat_alley
D:6:      layout_loops_ring, bloody_trog, nicolae_sif_muna_little_library,
          lemuel_temple_firewalk_a
D:7:      layout_loops_corners, gammafunk_ghost_nasty_kobolds, serial_aquarium,
          aquarium_bridge_square [aquarium_subvault_wall,
          aquarium_subvault_bridge, aquarium_subvault_wall,
          aquarium_subvault_bridge], aquarium_window_fake,
          aquarium_window_corner, aquarium_view_2b, aquarium_balcony_3b,
          aquarium_pool_corner
D:8:      layout_basic, minmay_joined_circles
D:9:      layout_gridville, uniq_maggie
D:10:     layout_grid_maze
D:11:     layout_roguey, david_lair_shrubbed, david_orc_5, hex_intersection

Skill      XL: |  1  2  3  4  5  6  7  8  9 10 |
---------------+-------------------------------+-----
Fighting       | 3 4 5 8 9 |  9.0
Armour         | 1 |  1.0
Polearms       | 2 3 5 |  5.0
Ranged Weapons | 5 6 8 9 11 14 | 14.7
Dodging        | |  2.1
Stealth        | |  0.8
Invocations    | |  0.7

Action                     |  1- 3 |  4- 6 |  7- 9 | 10-12 || total
---------------------------+-------+-------+-------+-------++-------
  Melee: Spear             |     9 |    42 |   290 |   181 ||   522
         Punch             |       |     1 |     7 |     3 ||    11
   Fire: Shortbow          |    51 |    96 |   122 |    26 ||   295
         Orcbow            |       |       |       |   129 ||   129
  Throw: Javelin           |       |       |    13 |     9 ||    22
         Dart              |       |       |     5 |       ||     5
         Boomerang         |       |       |     1 |       ||     1
         Throwing net      |       |       |       |     3 ||     3
Ability: Hop               |       |       |     2 |    11 ||    13
  Evoke: Wand              |       |       |     4 |    10 ||    14
    Use: Scroll            |       |     1 |    10 |     6 ||    17
         Potion            |       |       |     1 |    11 ||    12
   Stab: Distracted        |     1 |       |     2 |     1 ||     4
         Paralysed         |       |       |     7 |       ||     7
 Armour: Ring mail         |    28 |    32 |   242 |    71 ||   373
         Scale mail        |       |       |    70 |   155 ||   225
  Dodge: Dodged            |    16 |    29 |   209 |   101 ||   355
  Block: Other             |       |       |    13 |    43 ||    56
         Reflection        |       |       |       |     1 ||     1
